 Dungeon Crawl Stone Soup version 0.22-a0-247-gbddf880 (webtiles) character file.

52 nikopol the Firebug (level 3, -6/19 HPs)
             Began as a Deep Elf Fire Elementalist on Feb 27, 2018.
             Mangled by Sigmund
             ... wielding a +0 scythe
              (11 damage)
             ... on level 2 of the Dungeon.
             The game lasted 00:03:15 (1087 turns).

nikopol the Firebug (Deep Elf Fire Elementalist)    Turns: 1087, Time: 00:03:15

Health: -6/19      AC:  4    Str:  5    XL:     3   Next: 60%
Magic:  6/10       EV: 13    Int: 20    God:
Gold:   32         SH:  0    Dex: 15    Spells: 3/9 levels left

rFire    . . .     SeeInvis .   (no weapon)
rCold    . . .     Gourm    .   (no shield)
rNeg     . . .     Faith    .   a - +0 robe
rPois    .         Spirit   .   (no helmet)
rElec    .         Reflect  .   g - +0 cloak (curse)
rCorr    .         Harm     .   c - +0 pair of gloves
MR       .....                  (no boots)
Stlth    +.........             (no amulet)
HPRegen  0.06/turn              (no ring)
MPRegen  0.12/turn              (no ring)

@: confused, very slightly contaminated
A: no striking features
a: no special abilities


You were on level 2 of the Dungeon.
You were hungry.

You visited 1 branch of the dungeon, and saw 2 of its levels.

You collected 32 gold pieces.

Inventory:

Armour
 a - a +0 robe (worn)
 c - a +0 pair of gloves (worn)
 g - a cursed +0 cloak (worn)
Scrolls
 e - 2 scrolls of remove curse {unknown}
 f - a scroll of enchant armour {unknown}
 h - 2 scrolls of identify {unknown}
 j - a scroll of magic mapping {unknown}
 k - a scroll of amnesia {unknown}
 n - a scroll of blinking {unknown}
Potions
 d - a potion of curing {unknown}
 i - 2 potions of flight {unknown}
 l - a potion of agility {unknown}
 m - 2 potions of might {unknown}
Comestibles
 b - 4 rations


   Skills:
 + Level 2.6 Dodging
 + Level 2.8 Stealth
 + Level 3.9 Spellcasting
 + Level 1.6 Conjurations
 + Level 4.1 Fire Magic


You had 3 spell levels left.
You knew the following spells:

 Your Spells              Type           Power        Failure   Level  Hunger
a - Flame Tongue          Conj/Fire      ###..        4%          1    None
b - Throw Flame           Conj/Fire      ###...       6%          2    ##.....
c - Conjure Flame         Conj/Fire      ###.....     12%         3    ###....


Dungeon Overview and Level Annotations

Branches:
Dungeon (2/15)

Altars:

Annotations:
D:2 Sigmund


Message History

You bump into the rock wall.
Found a stone staircase leading up.
You bump into the rock wall.
You're too confused to move!
You bump into the rock wall.
You bump into the rock wall.
You bump into the rock wall.
You bump into the rock wall.
You bump into the rock wall.
You bump into the rock wall.
You feel less confused.
A magic dart appears from out of thin air!
The magic dart hits you!
* * * LOW HITPOINT WARNING * * *
You are confused.
You are more confused.
You are feeling hungry.
Something hits you!
Ouch! That really hurt!
You die...

#.# ###...#########
#.# #...### #.#
#.### #.# ##.# ..#
##..# ### #..## # #
##.## ####..# #
##..# #####..<..#
##..######.@...#
#........{...###
######..#########.#
#..........## #..#
............## ##.#
........)....# ..
.............# #.#
..............# .#
.......?.......# ..


There were no monsters in sight!

Vanquished Creatures
  A hound (D:2)
  2 giant cockroaches
  3 goblins
  2 hobgoblins (D:1)
  6 jackals
  2 kobolds (D:1)
  3 rats (D:1)
19 creatures vanquished.

Notes
Turn   | Place    | Note
-------+----------+-------------------------------------------
     0 | D:1      | nikopol the Deep Elf Fire Elementalist began the quest for the Orb.
     0 | D:1      | Reached XP level 1. HP: 10/10 MP: 6/6
   509 | D:1      | Reached XP level 2. HP: 15/15 MP: 6/8
   885 | D:2      | Reached skill level 4 in Fire Magic
   885 | D:2      | Reached XP level 3. HP: 11/19 MP: 0/10
  1037 | D:2      | Noticed Sigmund
  1044 | D:2      | Learned a level 2 spell: Throw Flame
  1048 | D:2      | Learned a level 3 spell: Conjure Flame
  1087 | D:2      | Mangled by Sigmund

Vault maps used:
D:1:      scummos_arrival_checkerplants, dk_noncrumbling_3,
          minmay_misc_feat_diagonals
D:2:      old_standard_altar, uniq_crazy_yiuf_cottage, uniq_sigmund

Skill      XL: |  1  2 |
---------------+-------+-----
Fire Magic     | 4 |  4.1
Dodging        | |  2.6
Stealth        | |  2.8
Spellcasting   | |  3.9
Conjurations   | |  1.6

Action                   || total
-------------------------++-------
 Cast: Flame Tongue      ||    32
       Conjure Flame     ||     1
Armor: Robe              ||     3
Dodge: Dodged            ||     7

Table legend:
 A = Spawn XP
 B = Non-spawn XP
 C = Spawn XP percentage of total XP
 D = Spawn monster count
 E = Non-spawn monster count
 F = Spawn count percentage of total count
 G = Total turns spent on level
                    A         B        C        D         E        F      G
               +---------+---------+-------+---------+---------+-------+---------
         Total |       0 |      75 |   0.0 |       0 |      19 |   0.0 |  1087
               +---------+---------+-------+---------+---------+-------+---------
           D:1 |       0 |      23 |   0.0 |       0 |      14 |   0.0 |   850
           D:2 |       0 |      52 |   0.0 |       0 |       5 |   0.0 |   237
               +---------+---------+-------+---------+---------+-------+---------
